 Dungeon Crawl Stone Soup version 0.31-a0-1172-g9944ec47dd (webtiles) character file.

Game seed: 6380440783315307450

8059 whatisthis the Fighter (level 11, -1/99 HPs)
             Began as a Ghoul Venom Mage on Dec 11, 2023.
             Was a Priest of Kikubaaqudgha.
             Slain by a vampire mosquito (9 damage)
             ... on level 9 of the Dungeon.
             The game lasted 00:52:42 (12891 turns).

whatisthis the Fighter (Ghoul Venom Mage)          Turns: 12891, Time: 00:52:42

Health: -1/99      AC: 13    Str: 13    XL:     11   Next: 24%
Magic:  20/20      EV: 12    Int: 24    God:    Kikubaaqudgha [***...]
Gold:   736        SH:  0    Dex:  9    Spells: 13/23 levels left

rFire   . . .        J - +0 whip (flame)
rCold   + . .        (no shield)
rNeg    + + +        G - +0 steam dragon scales
rPois   ∞            q - +0 helmet
rElec   .            M - +1 cloak {Stlth+}
rCorr   .            (no gloves)
SInv    .            A - +0 pair of boots
Will    .....        D - amulet of magic regeneration
Stlth   +++          i - +6 ring of intelligence
HPRegen 0.00/turn    K - +4 ring of protection
MPRegen 0.57/turn

%: no passive effects
@: about to teleport, inhibited regen
A: claws 1, cold resistance 1, negative energy resistance 3, inhibited
regeneration, torment resistance 2, devour on kill
a: Renounce Religion, Unearth Wretches


You were on level 9 of the Dungeon.
You worshipped Kikubaaqudgha.
Kikubaaqudgha was most pleased with you.
You visited 2 branches of the dungeon, and saw 11 of its levels.
You also visited: Sewer and Bailey.

You collected 736 gold pieces.

Inventory:

Hand Weapons
 d - a +1 dagger of electrocution
 h - a +2 dagger of venom
 J - a +0 whip of flaming (weapon)
 N - a +3 mace
Missiles
 a - 18 poisoned darts
 g - 154 stones (quivered)
Armour
 q - a +0 helmet (worn)
 A - a +0 pair of boots (worn)
 G - +0 steam dragon scales (worn)
 L - +2 gold dragon scales
 M - a +1 cloak of stealth (worn)
Jewellery
 i - a +6 ring of intelligence (left claw)
 t - a ring of protection from cold
 B - a +6 ring of dexterity
 D - an amulet of magic regeneration (around neck)
 K - a +4 ring of protection (right claw)
Wands
 o - a wand of paralysis (9)
Scrolls
 e - 3 scrolls of fog
 k - 2 scrolls of enchant armour {unknown}
 l - 4 scrolls of noise {unknown}
 m - 4 scrolls of fear {unknown}
 n - 2 scrolls of teleportation
 p - 4 scrolls of revelation {unknown}
 r - 3 scrolls of identify {unknown}
 y - 2 scrolls of enchant weapon {unknown}
 C - a scroll of butterflies {unknown}
 H - a scroll of poison {unknown}
Potions
 b - a potion of lignification {unknown}
 c - 3 potions of degeneration {unknown}
 f - a potion of brilliance {unknown}
 j - 3 potions of curing {unknown}
 v - 2 potions of magic
 w - 5 potions of might {unknown}
 x - 3 potions of invisibility {unknown}
 z - 2 potions of mutation {unknown}
 E - 2 potions of heal wounds {unknown}
 F - 2 potions of haste {unknown}
 I - a potion of berserk rage {unknown}


   Skills:
 + Level 10.1 Fighting
 + Level 4.3 Maces & Flails
 - Level 1.7 Dodging
 - Level 2.1 Stealth
 - Level 6.8 Spellcasting
 - Level 3.0 Transmutations
 - Level 5.8 Air Magic
 - Level 8.4 Poison Magic


You had 13 spell levels left.
You knew the following spells:

 Your Spells              Type           Power      Damage    Failure   Level
a - Sting                 Tmut/Pois      100%       1d8       1%          1
b - Poisonous Vapours     Pois/Air       84%        N/A       1%          2
c - Mephitic Cloud        Conj/Pois/Air  31%        N/A       3%          3
d - Olgreb's Toxic Radia  Pois           48%        N/A       2%          4

Your spell library contained the following spells:

 Spells                   Type           Power      Damage    Failure   Level
 Cigotuvi's Dreadful Rot  Necr/Pois/Air  62%        N/A       1%          2
 Kiss of Death            Conj/Necr      32%        2d7       8%          1
 Magic Dart               Conj           32%        1d4       8%          1
 Necrotise                Necr           32%        1d5       8%          1
 Searing Ray              Conj           16%        2d5       11%         2
 Ozocubu's Armour         Ice            8%         N/A       22%         3
 Tukima's Dance           Hex            8%         N/A       22%         3
 Animate Dead             Necr           8%         N/A       58%         4
 Fulminant Prism          Conj/Hex       4%         3d5       58%         4
 Passage of Golubria      Tloc           8%         N/A       58%         4
 Yara's Violent Unravell  Hex/Tmut       7%         3d5       73%         5
 Agony                    Necr           8%         N/A       90%         5
 Borgnjor's Vile Clutch   Necr/Erth      4%         N/A       90%         5
 Death Channel            Necr           4%         N/A       100%        6
 Simulacrum               Ice/Necr       4%         N/A       100%        6
 Ozocubu's Refrigeration  Ice            4%         4d8       100%        7


Dungeon Overview and Level Annotations

Branches:
Dungeon (10/15)            Temple (1/1) D:5           Sewer (visited)
 Bailey (visited)
   Lair: D:8-11         Orc: D:9-12

Altars:
Ashenzari
Cheibriados
Dithmenos
Fedhas
Gozag
Hepliaklqana
Kikubaaqudgha
Makhleb
Nemelex Xobeh
Okawaru
Qazlal
Ru
Sif Muna
Trog
Uskayaw
Vehumet
Xom
Yredelemnul

Shops:
D:6 ?(?   D:7 *(:

Annotations:
D:3 2 transporters, 1 runed translucent door, Crazy Yiuf; XomNomNom's ghost, weakling HOMo
D:4 3 runed translucent doors, SJWr's ghost, novice AtBe


Innate Abilities, Weirdness & Mutations

You are immune to poison.
You have sharp fingernails.
Your flesh is cold resistant. (rC+)
You are immune to negative energy. (rN+++)
You do not regenerate when monsters are visible.
You are immune to unholy pain and torment.
You thrive by killing the living.


Message History

You hit the gargoyle but do no damage.
The gargoyle is severely damaged.
The helpless gargoyle fails to defend itself.
You hit the gargoyle but do no damage.
The gargoyle is severely damaged.
Your +1 dagger of electrocution stops crackling.
Your +0 whip of flaming bursts into flame!
J - a +0 whip of flaming (weapon)
The vampire mosquito buzzes angrily.
The helpless gargoyle fails to defend itself.
You hit the gargoyle but do no damage.
The gargoyle is severely damaged.
The helpless gargoyle fails to defend itself.
You hit the gargoyle but do no damage.
You claw the gargoyle, but do no damage.
The gargoyle is severely damaged.
The orc hits you but does no damage.
The helpless gargoyle fails to defend itself.
You hit the gargoyle but do no damage.
The gargoyle is severely damaged.
The orc hits you but does no damage.
The helpless gargoyle fails to defend itself.
You hit the gargoyle but do no damage.
The gargoyle is severely damaged.
The gargoyle is no longer paralysed.
The vampire mosquito misses you.
The gargoyle hits you but does no damage.
The orc closely misses you. The vampire mosquito bites you.
* * * LOW HITPOINT WARNING * * *
The vampire mosquito bites you.
* * * LOW HITPOINT WARNING * * *
The gargoyle hits you with a +0 mace.
* * * LOW HITPOINT WARNING * * *
The orc hits you but does no damage.
The vampire mosquito closely misses you.
You climb upwards.
There is a stone staircase leading down here.
As you read the scroll of teleportation, it crumbles to dust.
You feel strangely unstable. The vampire mosquito bites you!
You die...
Kikubaaqudgha rasps: "You have failed me!
Welcome... oblivion!"

####### #.....# ####.###.#
#........# #.##.#####
################## #.##.#
)))......[.....y@# #.##.#
..........##.###9# #.##.#######
....#####.##.# #o# #.##.#......
###.#........# #.# #.##.#.#####
..#...#.#..###.#####.##........
##..#...#.#..#.........###.######
#..#...#.#<.#.#.####### #.#
#..##....##.#.#.# #.#
#...........#<..#########.#


You could see a vampire mosquito, a gargoyle and an orc.

Vanquished Creatures
  A two-headed ogre (D:10)
  2 orc knights (Bailey)
  Pikel (D:8)
  A troll (D:9)
  Prince Ribbit (D:8)
  A wraith (D:9)
  6 yaks
  A steam dragon (D:6)
  3 water moccasins
  10 orc warriors
  A black bear (D:5)
  2 sky beasts (D:7)
  An ice beast (D:6)
  3 ogres
  A lemure (D:8)
  2 kobold brigands
  Blork the orc (D:4)
  6 bullfrogs
  2 brain worms (Sewer)
  7 scorpions
  8 wights
  3 howler monkeys
  4 hounds
  3 jellies
  5 orc priests
  2 iguanas
  A sleepcap (D:7)
  Jessica (D:3)
  7 orc wizards
  Robin (D:3)
  14 adders
  A gnoll (D:4)
  2 river rats (Sewer)
  A white imp (D:6)
  2 ufetubi (D:6)
  A worm (D:2)
  58 orcs
  7 ball pythons
  9 endoplasms
  8 giant cockroaches
  9 goblins
  7 hobgoblins
  15 kobolds
  3 bats
  4 frilled lizards
  9 rats
238 creatures vanquished.

Vanquished Creatures (others)
  An ogre (D:6)
1 creature vanquished.

Grand Total: 239 creatures vanquished

Notes
Turn   | Place    | Note
-------+----------+-------------------------------------------
     0 | D:1      | whatisthis the Ghoul Venom Mage began the quest for the
                  | Orb.
     0 | D:1      | Reached XP level 1. HP: 14/14 MP: 2/2
    44 | D:1      | Reached skill level 1 in Transmutations
   134 | D:1      | Reached XP level 2. HP: 8/22 MP: 0/3
   691 | D:2      | Reached skill level 1 in Fighting
   958 | D:2      | Reached XP level 3. HP: 28/28 MP: 5/5
  1073 | D:2      | Found a faded altar of an unknown god.
  1631 | D:3      | Reached XP level 4. HP: 35/35 MP: 4/6
  1673 | D:3      | Found a transporter.
  1760 | D:3      | Found a transporter.
  1764 | D:3      | Noticed XomNomNom's ghost (weakling HOMo)
  1847 | D:3      | Noticed Jessica
  1852 | D:3      | Killed Jessica
  1853 | D:3      | Reached skill level 2 in Fighting
  1889 | D:3      | Noticed Robin
  1919 | D:3      | Killed Robin
  1920 | D:3      | Reached XP level 5. HP: 26/41 MP: 3/7
  2125 | D:3      | Found a stormy altar of Qazlal.
  2126 | D:3      | Noticed a water elemental
  2129 | D:3      | Noticed an air elemental
  2129 | D:3      | Noticed a fire elemental
  2210 | D:3      | Found a runed translucent door.
  2211 | D:3      | Noticed Crazy Yiuf
  2248 | D:3      | Learned a level 2 spell: Poisonous Vapours
  2249 | D:4      | Noticed an ogre
  2290 | D:4      | Found a sacrificial altar of Ru.
  2583 | D:4      | HP: 2/42 [acid (5)]
  2663 | D:4      | Found a runed translucent gate.
  2663 | D:4      | Found a runed translucent gate.
  2663 | D:4      | Found a runed translucent gate.
  2667 | D:4      | Noticed SJWr's ghost (novice AtBe)
  2784 | D:4      | Killed an ogre
  2785 | D:4      | Reached skill level 3 in Fighting
  2785 | D:4      | Reached XP level 6. HP: 25/51 MP: 2/9
  2806 | D:4      | Noticed Blork the orc
  2891 | D:4      | Killed Blork the orc
  2918 | D:4      | Found a glowing drain.
  2939 | Sewer    | Entered a sewer
  3087 | Sewer    | Reached XP level 7. HP: 30/57 MP: 2/11
  3374 | Sewer    | Reached skill level 1 in Air Magic
  3729 | D:4      | Reached skill level 4 in Fighting
  4241 | D:4      | Learned a level 3 spell: Mephitic Cloud
  4246 | D:4      | Learned a level 4 spell: Olgreb's Toxic Radiance
  4247 | D:5      | Entered Level 5 of the Dungeon
  4460 | D:5      | Reached skill level 5 in Poison Magic
  4662 | D:5      | Found a staircase to the Ecumenical Temple.
  4694 | Temple   | Entered the Ecumenical Temple
  4763 | D:5      | Reached XP level 8. HP: 67/67 MP: 1/12
  5229 | D:5      | Found a shimmering altar of Xom.
  5230 | D:5      | Found a basalt altar of Yredelemnul.
  5231 | D:5      | Found an ancient bone altar of Kikubaaqudgha.
  5244 | D:5      | Became a worshipper of Kikubaaqudgha
  5255 | D:5      | Found a radiant altar of Vehumet.
  5763 | D:6      | Found Pairr's Weapon Shoppe.
  5830 | D:5      | Reached skill level 5 in Fighting
  6413 | D:6      | Reached XP level 9. HP: 33/75 MP: 10/15
  6475 | D:6      | Reached skill level 6 in Fighting
  6475 | D:6      | Reached skill level 5 in Spellcasting
  6675 | D:6      | Reached * piety under Kikubaaqudgha
  6675 | D:6      | Received a gift from Kikubaaqudgha
  6769 | D:6      | Found Racasum's Magic Scroll Boutique.
  6792 | D:6      | Found a burning altar of Makhleb.
  6792 | D:6      | Noticed a balrug
  6972 | D:6      | Found Bilak's Magic Scroll Emporium.
  7085 | D:7      | Found Culiugin's Book Shop.
  7114 | D:7      | Found an opulent altar of Gozag.
  7303 | D:7      | Found Xiczeos's Island Escapes.
  8060 | D:7      | Found Wubauh Lykh's Weapon Emporium.
  8506 | D:8      | Found a bloodstained altar of Trog.
  8605 | D:8      | Noticed Prince Ribbit
  8718 | D:8      | Reached skill level 7 in Fighting
  9039 | D:8      | Killed Prince Ribbit
  9101 | D:8      | Reached ** piety under Kikubaaqudgha
  9197 | D:8      | Noticed Pikel
  9205 | D:8      | Killed Pikel
  9206 | D:8      | Reached skill level 5 in Air Magic
  9206 | D:8      | Reached XP level 10. HP: 88/88 MP: 8/18
  9987 | D:9      | Found a flagged portal.
 10203 | Bailey   | Entered a bailey
 10394 | Bailey   | Noticed an orc knight
 10509 | Bailey   | Noticed an orc knight
 10534 | Bailey   | Reached skill level 8 in Fighting
 10548 | Bailey   | Killed an orc knight
 10678 | Bailey   | Killed an orc knight
 11113 | D:9      | Found a snail-covered altar of Cheibriados.
 11514 | D:10     | Entered Level 10 of the Dungeon
 11517 | D:10     | Noticed a gargoyle
 11532 | D:9      | Reached skill level 1 in Maces & Flails
 12074 | D:10     | Reached skill level 9 in Fighting
 12081 | D:10     | Noticed a two-headed ogre
 12109 | D:10     | Killed a two-headed ogre
 12109 | D:10     | Reached *** piety under Kikubaaqudgha
 12109 | D:10     | Received a gift from Kikubaaqudgha
 12110 | D:10     | Reached XP level 11. HP: 97/97 MP: 10/20
 12674 | D:9      | Reached skill level 10 in Fighting
 12891 | D:9      | Slain by a vampire mosquito

Illustrated notes

Levels and vault maps discovered:
D:1:      eino_arrival_tree_alley, layout_basic
D:2:      layout_loops_cross, ebering_ecumenical_altar_webs,
          hangedman_decor_slide_cut
D:3:      layout_rooms, nicolae_qazlal_style_of_elements,
          gammafunk_ghost_stat_death, uniq_crazy_yiuf_cottage, uniq_robin,
          uniq_jessica
D:4:      minmay_angry_zag, layout_rooms, lemuel_coloured_pillars_altar,
          ebering_ghost_rock_garden, portal_sewer_entry_e, uniq_blork_the_orc
D:5:      layout_rooms, old_standard_altar, minitemple,
          minmay_temple_entry_slanted
D:6:      layout_rooms, makhleb_altar_promises_db, serial_shops, shop_fountains,
          shop, shop
D:7:      layout_layer_cave, mainiacjoe_overflow_chevrons,
          amcnicky_altar_gilded, serial_shops, nicolae_shop_gibbet_a_chance,
          nicolae_shop_bloodbath_and_beyond, nicolae_island_escapes
D:8:      layout_basic, general_overflow_altar, uniq_prince_ribbit1, uniq_pikel
D:9:      layout_basic, cheibriados_altar_1, enter_bailey_6
D:10:     layout_rooms, nicolae_wu_jian_wuxing_cycle,
          due_lair_maze_entry_diamond, orc_david_3, nicolae_phantomly_mirrored
Temple:   hellmonk_temple_beads

Skill      XL: |  1  2  3  4  5  6  7  8  9 10 11 |
---------------+----------------------------------+-----
Transmutations | 1 2 3 |  3.0
Spellcasting   | 2 3 4 6 |  6.8
Fighting       | 1 2 3 4 5 7 9 10 | 10.1
Poison Magic   | 4 5 6 7 8 |  8.4
Air Magic      | 2 3 5 |  5.8
Maces & Flails | 3 4 |  4.3
Dodging        | |  1.7
Stealth        | |  2.1

Action                     |  1- 3 |  4- 6 |  7- 9 | 10-12 || total
---------------------------+-------+-------+-------+-------++-------
  Melee: Unarmed           |    26 |       |       |       ||    26
         Dagger            |    55 |   109 |   213 |    19 ||   396
         Whip              |     6 |       |       |    54 ||    60
         Punch             |       |     2 |     2 |     3 ||     7
         Mace              |       |       |       |    64 ||    64
  Throw: Stone             |       |       |       |     1 ||     1
   Cast: Sting             |    21 |    28 |    74 |    37 ||   160
         Poisonous Vapours |       |    13 |   136 |    55 ||   204
         Mephitic Cloud    |       |       |    10 |     6 ||    16
         Olgreb's Toxic Ra |       |       |    11 |    21 ||    32
  Evoke: Wand              |       |       |     1 |    29 ||    30
    Use: Potion            |     1 |       |       |       ||     1
         Scroll            |       |       |       |     4 ||     4
   Stab: Sleeping          |     4 |       |     3 |     1 ||     8
         Distracted        |     1 |       |     1 |       ||     2
         Paralysed         |       |       |     1 |    15 ||    16
         Confused          |       |       |       |     2 ||     2
 Armour: Robe              |    49 |    61 |   102 |       ||   212
         Steam dragon scal |       |       |    79 |   185 ||   264
  Dodge: Dodged            |    56 |    56 |   175 |   106 ||   393

Table legend: (Time is in decaauts)
 A = Elapsed time spent in this place.
 B = Non-inter-level travel time spent in this place.
 C = Inter-level travel time spent in this place.
 D = Time resting spent in this place.
 E = Time spent auto-exploring this place.
 F = Levels seen in this place.
 G = Mean time per level.
                   A        B        C        D        E       F      G
               +--------+--------+--------+--------+--------+-----+--------+
         Total |  13032 |  12336 |    696 |   3334 |   4213 |  13 | 1002.5 |
       Dungeon |  11552 |  10856 |    696 |   2871 |   4213 |  10 | 1155.2 |
        Temple |      1 |      1 |      0 |      0 |      0 |   1 |    1.0 |
         Sewer |    698 |    698 |      0 |    235 |      0 |   1 |  698.0 |
        Bailey |    779 |    779 |      0 |    228 |      0 |   1 |  779.0 |
               +--------+--------+--------+--------+--------+-----+--------+

Top non-repeatable levels by time:
     D:5: 1936 daAuts
     D:9: 1715 daAuts
     D:7: 1477 daAuts
     D:4: 1459 daAuts
     D:8: 1422 daAuts
     D:2: 838 daAuts
     D:6: 807 daAuts
  Bailey: 779 daAuts
     D:3: 743 daAuts
   Sewer: 698 daAuts
     D:1: 683 daAuts
    D:10: 467 daAuts
  Temple: 1 daAuts
